 Dungeon Crawl Stone Soup version 0.29-a0-283-ga02f740833 (webtiles) character file.

Game seed: 6805322339365933580

188538 CrazyMind the Peltast (level 18, -1/143 HPs)
             Began as a Djinni Gladiator on Mar 8, 2022.
             Was the Champion of Jiyva.
             Slain by a shambling mangrove (16 damage)
             ... on level 3 of the Swamp on Mar 13, 2022.
             The game lasted 02:45:17 (28498 turns).

CrazyMind the Peltast (Djinni Gladiator)           Turns: 28498, Time: 02:45:17

Health: -1/143     AC: 17    Str: 13    XL:     18   Next: 39%
Gold:   351        EV: 15    Int: 12    God:    Jiyva [******] SH: 15 Dex: 21

rFire   + + +      SeeInvis .   a - +1 scimitar (vamp)
rCold   . . .      Faith    .   H - +0 kite shield {reflect}
rNeg    . . .      Spirit   .   z - +3 ring mail {rC+}
rPois   ∞          Reflect  +   (helmet restricted)
rElec   .          Harm     .   y - +2 cloak {Stlth+}
rCorr   +          Rampage  .   i - +0 pair of gloves
Will    ++...                   (boots unavailable)
Stlth   +++++++++.              B - amulet of regeneration
HPRegen 2.73/turn               N - ring of protection from fire
MPRegen 0.00/turn               o - ring "Xuran" {+Blink Will+ rCorr Stlth+}

@: mighty, grasped by roots, flying, constricted, studying Armour
A: sickness immunity, fire resistance 3, cold vulnerability 1, float, innate
caster, HP casting, extra vitality 1, beak, claws 2, iridescent scales 1,
camouflage 3, sense surroundings 2, robust 1, wild magic 1, acidic bite, jelly
absorbing missiles, MP-powered wands
}: 2/15 runes: serpentine, slimy
a: Renounce Religion, Evoke Blink, Oozemancy, Slimify


You were on level 3 of the Swamp.
You worshipped Jiyva.
Jiyva was exalted by your worship.
You visited 6 branches of the dungeon, and saw 30 of its levels.
You also visited: Sewer and Volcano.

You collected 1109 gold pieces.
You spent 758 gold pieces at shops.

Inventory:

Hand Weapons
 a - a +1 vampiric scimitar (weapon)
 c - a +2 scimitar of flaming
 n - a +1 long sword of draining
 x - the +9 war axe "Maculiss" {flame, +Blink rElec Str+3}
   (You found it on level 4 of the Dungeon)

   It burns those it strikes, dealing additional fire damage.
   Big, fiery blades are also staple armaments of hydra-hunters.
   Str:       It affects your strength (+3).
   rElec:     It insulates you from electricity.
   +Blink:    It lets you blink.
 Q - the +3 longbow "Anuumet" {venom, Will+ Dex+3}
   (You found it on level 5 of the Pits of Slime)

   Any ammunition fired from it poisons the flesh of those it strikes.
   Dex:       It affects your dexterity (+3).
   Will:      It increases your willpower.
Missiles
 b - 6 curare-tipped darts
 d - 8 throwing nets
 f - 639 stones
 A - 11 boomerangs (quivered)
 F - a javelin
 I - 5 atropa-tipped darts
 P - 4 poisoned darts
Armour
 i - a +0 pair of gloves (worn)
 t - a +0 helmet
 u - a +0 tower shield
 v - the +1 plate armour "Ygicotsi" {rElec rN++ Str-2}
   (You found it on level 3 of the Snake Pit)

   Str:       It affects your strength (-2).
   rElec:     It insulates you from electricity.
   rN:        It greatly protects you from negative energy.
 y - a +2 cloak of stealth (worn)
 z - a +3 ring mail of cold resistance (worn)
 D - a +0 kite shield
 E - an orb of light
 H - a +0 kite shield of reflection (worn)
 M - the +1 plate armour of the Beginning {Regen+}
   (You found it on level 5 of the Pits of Slime)

   Regen:     It increases your rate of health regeneration.
Jewellery
 o - the ring "Xuran" (right hand) {+Blink Will+ rCorr Stlth+}
   (You bought it in a shop on level 3 of the Snake Pit)

   [ring of willpower]

   +Blink:    It lets you blink.
   rCorr:     It protects you from acid and corrosion.
   Will:      It increases your willpower.
   Stlth:     It makes you more stealthy.
 B - an amulet of regeneration (around neck)
 G - a ring of wizardry
 N - a ring of protection from fire (left hand)
 R - a +6 ring of intelligence
Wands
 J - a wand of iceblast (5)
 K - a wand of acid (6)
 L - a wand of mindburst (6)
 O - a wand of polymorph (5)
 S - a wand of flame (10)
Scrolls
 e - 6 scrolls of teleportation
 g - 3 scrolls of fog
 q - 7 scrolls of enchant armour
 r - 2 scrolls of brand weapon
 U - a scroll of enchant weapon
 W - a scroll of holy word
Potions
 h - 2 potions of cancellation
 j - 4 potions of curing
 k - 3 potions of might
 m - a potion of brilliance
 s - 2 potions of invisibility
 w - 3 potions of mutation
 C - 3 potions of haste
 T - a potion of lignification
Miscellaneous
 p - a box of beasts
 V - a phantom mirror


   Skills:
 * Level 12.4 Fighting
 + Level 15.5 Long Blades
 + Level 3.3 Throwing
 * Level 11.9 Armour
 * Level 12.4 Dodging
 + Level 10.0 Stealth
 + Level 16.1 Shields
 + Level 2.5 Evocations


You couldn't memorise any spells.
You knew the following spells:

 Your Spells              Type           Power      Damage    Failure   Level
a - Magic Dart            Conj           0%         1d3       77%         1
b - Static Discharge      Conj/Air       0%         N/A       88%         2
c - Ozocubu's Armour      Ice            0%         N/A       98%         3
d - Inner Flame           Hex/Fire       0%         N/A       98%         3
e - Iskenderun's Battles  Conj           0%         2d6       100%        5
f - Agony                 Necr           0%         N/A       100%        5
g - Death Channel         Necr           0%         N/A       100%        6
h - Statue Form           Tmut/Erth      0%         N/A       100%        6
Your spell library was empty.


Dungeon Overview and Level Annotations

Branches:
Dungeon (11/15)            Temple (1/1) D:7            Lair (6/6) D:10
  Swamp (3/4) Lair:3        Snake (4/4) Lair:2        Slime (5/5) Lair:6
    Orc (0/2) D:11          Sewer (visited)         Volcano (visited)

Altars:
Ashenzari
Cheibriados
Dithmenos
Elyvilon
Fedhas
Gozag
Hepliaklqana
Kikubaaqudgha
Makhleb
Nemelex Xobeh
Okawaru
Qazlal
Ru
Sif Muna
Trog
Uskayaw
Vehumet
Wu Jian
Xom
Yredelemnul
Zin
The Shining One
Jiyva

Shops:
D:3 (   D:7 *   Snake:1 (   Snake:3 =:=

Portals:
Abyss: Snake:2

Annotations:
D:7 3 runed translucent doors
D:10 3 runed translucent doors, dcsswall's ghost, journeyman BaFE
Lair:2 3 runed translucent doors, ouz's ghost, journeyman DDFi
Lair:4 1 runed translucent door, Poeck's ghost, journeyman GrFi
Snake:2 2 transporters, Ysuobe's ghost, journeyman DDFi
Slime:5 Royal Jelly


Innate Abilities, Weirdness & Mutations

You are immune to sickness and miasma.
You are immune to poison.
Your flesh is almost immune to the effects of heat. (rF+++)
You are vulnerable to cold. (rC-)
You float through the air rather than walking.
You learn spells naturally, not from books.
Your magical power is your life essence.
You have superior vitality. (+4 MHP)
You have a beak for a mouth.
You have very sharp fingernails.
You are partially covered in iridescent scales. (AC +2)
Your skin perfectly mimics your surroundings (Stealth+++).
You passively map the area around you.
You are robust. (+10% HP)
Your spells are a little harder to cast, but a little more powerful.
You have acidic saliva.
You have a small jelly attached to you that may absorb projectiles.
You expend health (3 HP) to strengthen your wands.


Message History

Aiming: Corrosive Bolt
Press: ? - help, Shift-Dir - straight line, f - thorn hunter
Aim: a thorn hunter (almost destroyed, 77% to hit)
You feel a surge of power!
The bolt of acid hits the shambling mangrove!!
The shambling mangrove is heavily damaged.
The bolt of acid hits the thorn hunter!
The acid corrodes the thorn hunter!
The thorn hunter is almost destroyed.
* * * LOW HITPOINT WARNING * * *
Angry insects surge out from beneath the shambling mangrove's foliage!
You block the shambling mangrove's attack.
The grasping roots constrict you.
* * * LOW HITPOINT WARNING * * *
Press: ? - help, v - describe, . - travel The floor.
You hit the shambling mangrove but do no damage.
The shambling mangrove is heavily damaged.
You block the hornet's attack.
Press: ? - help, v - describe, . - travel, g - get item
Here: a shambling mangrove (heavily damaged) Item here: a death drake corpse.
Some shallow water.
Unknown command.
Aiming: Corrosive Bolt
Press: ? - help, Shift-Dir - straight line, f/p - thorn hunter
Aim: a thorn hunter (almost destroyed, covered in acid, 77% to hit)
You feel a surge of power!
The bolt of acid hits the shambling mangrove!
The acid corrodes the shambling mangrove!
The shambling mangrove is severely damaged.
The bolt of acid hits the thorn hunter!
You destroy the thorn hunter!
* * * LOW HITPOINT WARNING * * *
The hornet stings you but does no damage.
You block the shambling mangrove's attack.
The grasping roots constrict you!
* * * LOW HITPOINT WARNING * * *
You feel better. You block the hornet's attack.
The shambling mangrove hits you!
You die...

≈ , *
♣.♣♣≈P≈≈≈♣§♣♣♣..≈
≈ ≈≈≈ , ,
♣♣.≈.≈P≈.≈≈♣ ♣♣♣≈
,*, ♣♣
♣.♣♣♣♣♣≈♣#≈♣ ♣≈ ≈
, #P♣♣♣P♣♣P≈♣♣♣.♣
♣ ≈ ≈≈, ,
#.^.††♣♣≈P♣ ♣≈♣ ♣
≈ ≈ ♣.....♣≈♣♣♣
♣≈≈* ♣ *
#.....♣♣≈P♣♣♣≈≈ ♣
*, ,,**
♣♣y..♣♣♣P≈≈≈♣≈..,
♣♣ * ♣♣@♣♣
♣♣.♣♣#..♣ ♣≈ , ,*
* ♣♣f#♣ #♣♣ , ♣♣
* *♣.y)♣ * * ≈ ,♣
, ≈ , ♣.≈≈≈.♣ ,
≈, ♣ ≈ ≈
≈.#≈≈≈#.≈≈≈, ≈ *
, *.§.♣.≈≈≈.♣.≈.
, * ≈ ≈
♣♣.♣♣♣[.!♣♣♣.♣ ,,
≈* #♣ ♣♣♣#♣ *♣♣ ,
,≈ , ≈ ≈ ** ,≈


You could see a shambling mangrove (corroded) and 2 hornets.

Vanquished Creatures
  Donald (Slime:1)
  3 thorn hunters
  9 nagarajas
  2 eleionomae (Swamp:2)
  3 bunyips
  A shambling mangrove (Swamp:2)
  2 fire dragons (Lair:6)
  3 salamander tyrants
  2 boulder beetles (D:11)
  3 hydras
  An ogre mage (Volcano)
  9 naga warriors
  13 anacondas
  9 two-headed ogres
  5 alligators
  3 death yaks (Lair:2)
  9 shock serpents
  Sonja (Lair:5)
  17 naga sharpshooters
  3 spriggans
  5 goliath frogs
  11 sea snakes
  A death drake (Swamp:3)
  2 swamp dragons
  2 bog bodies
  5 naga ritualists
  2 lindwurms
  An orc knight (D:11)
  Pikel (D:8)
  16 mana vipers
  2 will-o-the-wisps
  12 salamanders
  8 guardian serpents
  9 elephants
  A gargoyle (D:11)
  18 naga magi
  42 black mambas
  14 cane toads
  Maggie (D:6)
  6 torpor snails
  7 rime drakes
  10 komodo dragons
  5 trolls
  2 polar bears (Lair:4)
  8 tyrant leeches
  14 hornets
  8 blink frogs
  4 dream sheep (Lair:4)
  2 vampires (D:11)
  3 water elementals (D:11)
  2 wraiths
  11 wyverns
  42 yaks
  Grum (D:8)
  10 basilisks
  6 vampire mosquitoes
  4 steam dragons
  6 swamp worms
  An acid dragon (Lair:6)
  36 nagas
  9 water moccasins
  Duvessa (D:6)
  2 orc warriors (D:11)
  An ice beast (D:7)
  3 swamp drakes
  3 black bears
  An ogre (D:5)
  4 lemures (D:8)
  23 wolves
  A phantom (D:4)
  3 centaurs
  2 kobold brigands
  16 bullfrogs
  4 scorpions
  A gnoll sergeant (D:9)
  5 wights
  3 killer bees (D:7)
  A howler monkey (D:4)
  7 electric eels
  4 hounds
  3 jellies
  2 gnoll shamans
  8 orc priests
  Crazy Yiuf (D:3)
  7 iguanas
  Terence (D:3)
  Jessica (D:3)
  An orc wizard (D:7)
  5 hell rats (Lair:4)
  10 gnolls
  8 adders
  A river rat (Sewer)
  2 shadow imps (D:7)
  A white imp (D:7)
  2 ufetubi
  3 worms
  2 dart slugs (D:1)
  12 orcs
  10 ball pythons
  4 bats
  9 endoplasms
  2 giant cockroaches
  9 hobgoblins
  4 quokkas
  8 frilled lizards
  5 goblins
  15 kobolds
  5 rats
  A briar patch (Swamp:2)
676 creatures vanquished.

Vanquished Creatures (collateral kills)
  Vashnia (Snake:2)
  A red draconian (Volcano)
  2 naga warriors (Snake:3)
  A cyclops (D:11)
  2 rime drakes
  2 komodo dragons
  2 basilisks (Lair:4)
  A steam dragon (Lair:2)
  3 wolves (Lair:2)
  An iguana (Lair:6)
16 creatures vanquished.

Vanquished Creatures (others)
  An azure jelly (Snake:2)
  An anaconda (Snake:2)
  2 naga sharpshooters
  A glowing orange brain (Snake:2)
  A salamander mystic (Snake:2)
  A naga ritualist (Snake:3)
  5 black mambas
  A cane toad (Lair:1)
  2 bloated husks (Swamp:1)
  2 slime creatures
  A blink frog (Lair:4)
  A yak (Lair:4)
  2 basilisks (Lair:4)
  4 nagas
  A sky beast (D:7)
  2 black bears (D:10)
  A centaur (D:10)
  A kobold brigand (D:6)
  2 scorpions
  4 bullfrogs
  Dowan (D:6)
  167 jellies
  A killer bee (D:7)
  An electric eel (Snake:1)
  3 orc priests
  An iguana (Lair:6)
  A hell rat (Lair:4)
  3 orc wizards
  2 adders
  3 gnolls
  An ufetubus (D:6)
  A dart slug (D:3)
  6 orcs
  An endoplasm (D:4)
  A goblin (D:4)
  A hobgoblin (D:4)
  A quokka (D:10)
  3 kobolds (D:6)
  3 briar patches (Swamp:2)
  A bush (Lair:4)
  16 foxfires
  168 fungi
  192 plants
614 creatures vanquished.

Grand Total: 1306 creatures vanquished

Notes
Turn   | Place    | Note
-------+----------+-------------------------------------------
     0 | D:1      | CrazyMind the Djinni Gladiator began the quest for the Orb.
     0 | D:1      | Reached XP level 1. HP: 18/18 MP: 0/0
   184 | D:1      | Reached XP level 2. HP: 15/23 MP: 0/0
   720 | D:1      | Reached XP level 3. HP: 25/28 MP: 0/0
   720 | D:1      | Learned a level 1 spell: Magic Dart
  1458 | D:2      | Reached XP level 4. HP: 34/34 MP: 0/0
  1463 | D:2      | Found a faded altar of an unknown god.
  1891 | D:2      | Reached skill level 1 in Armour
  2221 | D:3      | Found a glowing drain.
  2245 | Sewer    | Entered a sewer
  2557 | Sewer    | Reached XP level 5. HP: 38/39 MP: 0/0
  2557 | Sewer    | Learned a level 2 spell: Static Discharge
  2911 | Sewer    | Found a viscous altar of Jiyva.
  2931 | Sewer    | Became a worshipper of Jiyva Juow the Shapeless
  3268 | D:3      | Noticed Jessica
  3271 | D:3      | Killed Jessica
  3272 | D:3      | Reached XP level 6. HP: 45/45 MP: 0/0
  3448 | D:3      | Found a runed translucent door.
  3449 | D:3      | Noticed Crazy Yiuf
  3451 | D:3      | Reached * piety under Jiyva
  3458 | D:3      | Killed Crazy Yiuf
  3489 | D:3      | Noticed Terence
  3504 | D:3      | Killed Terence
  3727 | D:3      | Found Qasmec's Antique Weapon Shoppe.
  4067 | D:4      | Found an opulent altar of Gozag.
  4143 | D:4      | Identified the +9 war axe "Maculiss" {flame, +Blink rElec
                  | Str+3}
  4204 | D:4      | Found a broken altar of Ashenzari.
  4279 | D:4      | Reached ** piety under Jiyva
  4336 | D:4      | Reached skill level 5 in Long Blades
  4336 | D:4      | Reached XP level 7. HP: 49/49 MP: 0/0
  4336 | D:4      | Learned a level 3 spell: Ozocubu's Armour
  4430 | D:4      | Reached skill level 1 in Stealth
  4808 | D:5      | Entered Level 5 of the Dungeon
  4886 | D:5      | Noticed a wyvern
  5149 | D:5      | Reached *** piety under Jiyva
  5175 | D:5      | Noticed a steam dragon
  5193 | D:5      | Killed a steam dragon
  5322 | D:5      | Gained mutation: You have acidic saliva. [Jiyva's grace]
  5322 | D:5      | Gained mutation: You have a small jelly attached to you
                  | that may absorb projectiles. [Jiyva's grace]
  5322 | D:5      | Gained mutation: Your melee attacks may engulf your foes in
                  | ooze. [Jiyva's grace]
  5322 | D:5      | Gained mutation: You have a beak for a mouth. [Jiyva's
                  | grace]
  5331 | D:5      | Reached skill level 1 in Shields
  5368 | D:5      | Found a bloodstained altar of Trog.
  5380 | D:5      | Reached XP level 8. HP: 27/55 MP: 0/0
  5466 | D:5      | Found a faded altar of an unknown god.
  5468 | D:5      | Found a faded altar of an unknown god.
  5469 | D:5      | Found a hazy altar of Hepliaklqana.
  5471 | D:5      | Found a faded altar of an unknown god.
  5627 | D:5      | Killed a wyvern
  5746 | D:5      | Reached skill level 2 in Shields
  5948 | D:6      | Noticed Maggie
  5958 | D:6      | Killed Maggie
  5959 | D:6      | Reached skill level 3 in Shields
  5959 | D:6      | Reached XP level 9. HP: 46/61 MP: 0/0
  5959 | D:6      | Learned a level 3 spell: Inner Flame
  5965 | D:6      | Killed Dowan
  5967 | D:6      | Noticed Duvessa
  5985 | D:6      | Killed Duvessa
  6282 | D:6      | Reached **** piety under Jiyva
  6394 | D:7      | Killed a slime creature
  6476 | D:7      | Found a staircase to the Ecumenical Temple.
  6488 | Temple   | Entered the Ecumenical Temple
  6829 | D:7      | Reached skill level 4 in Shields
  6924 | D:7      | Reached skill level 5 in Armour
  6924 | D:7      | Reached XP level 10. HP: 67/67 MP: 0/0
  6932 | D:7      | Identified the +3 war axe of Annoyance {drain, Str+3}
  6970 | D:7      | Reached skill level 5 in Dodging
  7074 | D:7      | Found a runed translucent door.
  7074 | D:7      | Found a runed translucent door.
  7074 | D:7      | Noticed a cyclops
  7074 | D:7      | Noticed a cyan ugly thing
  7075 | D:7      | Found a runed translucent door.
  7257 | D:7      | Found Fopsij's Elemental Accessories.
  7401 | D:7      | Lost mutation: Your melee attacks may engulf your foes in
                  | ooze. [Jiyva's grace]
  7401 | D:7      | Gained mutation: You are covered in slimy tendrils that may
                  | disarm your opponents. [Jiyva's grace]
  7401 | D:7      | Gained mutation: You have a small jelly attached to you
                  | that senses nearby items. [Jiyva's grace]
  7401 | D:7      | Gained mutation: Your translucent skin slightly reduces
                  | your foes' accuracy. (Stealth+) [Jiyva's grace]
  7401 | D:7      | Gained mutation: Your translucent skin reduces your foes'
                  | accuracy. (Stealth+) [Jiyva's grace]
  7448 | D:7      | Found a sacrificial altar of Ru.
  7448 | D:7      | Found a blossoming altar of Fedhas.
  7591 | D:7      | Noticed a manticore
  7862 | D:8      | Reached skill level 5 in Shields
  7929 | D:8      | Noticed Grum
  7955 | D:8      | Killed Grum
  8081 | D:8      | Reached ***** piety under Jiyva
  8284 | D:8      | Noticed Pikel
  8296 | D:8      | Killed Pikel
  8581 | D:9      | Noticed a two-headed ogre
  9106 | D:9      | Found a glowing silver altar of Zin.
  9273 | D:9      | Reached skill level 10 in Long Blades
  9332 | D:10     | Entered Level 10 of the Dungeon
  9345 | D:10     | Identified the +0 ring mail of Card Tricks {Harm rC++}
  9515 | D:10     | Found a white marble altar of Elyvilon.
  9535 | D:10     | Noticed a two-headed ogre
  9589 | D:10     | Reached XP level 11. HP: 69/74 MP: 0/0
  9589 | D:10     | Learned a level 5 spell: Iskenderun's Battlesphere
  9603 | D:10     | Found a staircase to the Lair.
  9610 | D:10     | Noticed a two-headed ogre
  9622 | D:10     | Killed a two-headed ogre
  9730 | D:10     | Found a runed translucent gate.
  9730 | D:10     | Found a runed translucent gate.
  9730 | D:10     | Found a runed translucent gate.
  9733 | D:10     | Noticed dcsswall's ghost (journeyman BaFE)
  9807 | D:10     | Lost mutation: You have a small jelly attached to you that
                  | may absorb projectiles. [Jiyva's grace]
  9807 | D:10     | Gained mutation: You possess an exceptional clarity of
                  | mind. [Jiyva's grace]
  9807 | D:10     | Gained mutation: Your body has grown eyes which may confuse
                  | attackers. (Acc +3) [Jiyva's grace]
  9807 | D:10     | Gained mutation: Your body has grown many eyes which may
                  | confuse attackers. (Acc +5) [Jiyva's grace]
  9807 | D:10     | Gained mutation: Your body is covered in eyes which may
                  | confuse attackers. (Acc +7, SInv) [Jiyva's grace]
 10003 | D:10     | Reached skill level 6 in Shields
 10122 | D:9      | Killed a two-headed ogre
 10123 | D:9      | Reached skill level 5 in Fighting
 10123 | D:9      | Reached skill level 1 in Evocations
 10195 | D:11     | Noticed a boulder beetle
 10337 | D:11     | Noticed an orc knight
 10529 | D:11     | Killed a boulder beetle
 10643 | D:11     | Reached ****** piety under Jiyva
 10648 | D:11     | Noticed a boulder beetle
 10678 | D:11     | Killed a boulder beetle
 10679 | D:11     | Reached XP level 12. HP: 73/81 MP: 0/0
 10920 | D:11     | Found a staircase to the Orcish Mines.
 11124 | D:11     | Noticed a two-headed ogre
 11156 | D:11     | Killed a two-headed ogre
 11157 | D:11     | Reached skill level 7 in Shields
 11340 | Lair:1   | Entered Level 1 of the Lair of Beasts
 11498 | Lair:1   | Lost mutation: Your body is covered in eyes which may
                  | confuse attackers. (Acc +7, SInv) [Jiyva's grace]
 11498 | Lair:1   | Lost mutation: You are covered in slimy tendrils that may
                  | disarm your opponents. [Jiyva's grace]
 11498 | Lair:1   | Gained mutation: Your rubbery body absorbs attacks. (AC +1,
                  | EV +1) [Jiyva's grace]
 11498 | Lair:1   | Gained mutation: Your pliable body absorbs attacks. (AC +2,
                  | EV +2) [Jiyva's grace]
 11498 | Lair:1   | Gained mutation: Your gelatinous body deflects attacks. (AC
                  | +3, EV +3) [Jiyva's grace]
 11498 | Lair:1   | Gained mutation: Your transparent skin significantly
                  | reduces your foes' accuracy. (Stealth+) [Jiyva's grace]
 12179 | Lair:2   | Found a staircase to the Snake Pit.
 13119 | Lair:2   | Reached skill level 5 in Stealth
 13135 | Lair:2   | Lost mutation: You have acidic saliva. [Jiyva's grace]
 13135 | Lair:2   | Lost mutation: You have a small jelly attached to you that
                  | senses nearby items. [Jiyva's grace]
 13135 | Lair:2   | Gained mutation: You have sharp fingernails. [Jiyva's
                  | grace]
 13135 | Lair:2   | Gained mutation: You have very sharp fingernails. [Jiyva's
                  | grace]
 13135 | Lair:2   | Gained mutation: You have claws for hands. [Jiyva's grace]
 13135 | Lair:2   | Gained mutation: You have supernaturally acute eyesight.
                  | (SInv) [Jiyva's grace]
 13137 | Lair:2   | Noticed a death yak
 13140 | Lair:2   | Noticed a death yak
 13141 | Lair:2   | Noticed a death yak
 13190 | Lair:2   | Killed a death yak
 13191 | Lair:2   | Reached XP level 13. HP: 88/88 MP: 0/0
 13191 | Lair:2   | Learned a level 5 spell: Agony
 13211 | Lair:2   | Reached skill level 8 in Shields
 13329 | Lair:2   | Found a runed translucent gate.
 13329 | Lair:2   | Found a runed translucent gate.
 13329 | Lair:2   | Found a runed translucent gate.
 13331 | Lair:2   | Noticed ouz's ghost (journeyman DDFi)
 13929 | Lair:3   | Found a staircase to the Swamp.
 14333 | Lair:3   | Reached skill level 9 in Shields
 14386 | Lair:3   | Lost mutation: You have claws for hands. [Jiyva's grace]
 14386 | Lair:3   | Lost mutation: Your body has grown many eyes which may
                  | confuse attackers. (Acc +5) [Jiyva's grace]
 14386 | Lair:3   | Lost mutation: Your gelatinous body deflects attacks. (AC
                  | +3, EV +3) [Jiyva's grace]
 14386 | Lair:3   | Lost mutation: Your transparent skin significantly reduces
                  | your foes' accuracy. (Stealth+) [Jiyva's grace]
 14386 | Lair:3   | Gained mutation: Your spells are a little harder to cast,
                  | but a little more powerful. [Jiyva's grace]
 14386 | Lair:3   | Gained mutation: Your spells are harder to cast, but more
                  | powerful. [Jiyva's grace]
 14386 | Lair:3   | Gained mutation: Your spells are much harder to cast, but
                  | much more powerful. [Jiyva's grace]
 14386 | Lair:3   | Gained mutation: You are robust. (+10% HP) [Jiyva's grace]
 15039 | Lair:4   | Noticed a six-headed hydra
 15089 | Lair:4   | Slimified a six-headed hydra
 15089 | Lair:4   | a six-headed hydra changed into a slime creature
 15244 | Lair:4   | Found a runed translucent door.
 15244 | Lair:4   | Noticed Poeck's ghost (journeyman GrFi)
 15959 | Lair:4   | Noticed a seven-headed hydra
 16023 | Lair:4   | Reached skill level 10 in Shields
 16023 | Lair:4   | Reached XP level 14. HP: 105/105 MP: 0/0
 16596 | Lair:5   | Noticed Sonja
 16621 | Lair:5   | Killed Sonja
 16822 | Lair:5   | Lost mutation: Your pliable body absorbs attacks. (AC +2,
                  | EV +2) [Jiyva's grace]
 16822 | Lair:5   | Lost mutation: Your rubbery body absorbs attacks. (AC +1,
                  | EV +1) [Jiyva's grace]
 16822 | Lair:5   | Lost mutation: Your translucent skin reduces your foes'
                  | accuracy. (Stealth+) [Jiyva's grace]
 16822 | Lair:5   | Gained mutation: Your body has grown many eyes which may
                  | confuse attackers. (Acc +5) [Jiyva's grace]
 16822 | Lair:5   | Gained mutation: Your body is covered in eyes which may
                  | confuse attackers. (Acc +7, SInv) [Jiyva's grace]
 16822 | Lair:5   | Gained mutation: You are partially covered in iridescent
                  | scales. (AC +2) [Jiyva's grace]
 16822 | Lair:5   | Gained mutation: You are mostly covered in iridescent
                  | scales. (AC +4) [Jiyva's grace]
 17064 | Lair:5   | Reached skill level 11 in Shields
 17380 | Lair:6   | Entered Level 6 of the Lair of Beasts
 17467 | Lair:6   | Identified a scroll of acquirement
 17467 | Lair:6   | Acquired a manual of Armour
 17599 | Lair:6   | Found a viscous altar of Jiyva.
 17600 | Lair:6   | Found a staircase to the Slime Pits.
 17772 | Lair:6   | Found a dark tunnel.
 17784 | Volcano  | Entered a volcano
 17824 | Volcano  | Noticed a red draconian
 17825 | Volcano  | Found a bloodstained altar of Trog.
 17940 | Volcano  | Killed a red draconian
 18173 | Slime:1  | Entered Level 1 of the Pits of Slime
 18173 | Slime:1  | Noticed Donald
 18173 | Slime:1  | Noticed a quicksilver ooze
 18184 | Slime:1  | Killed Donald
 18185 | Slime:1  | Reached skill level 12 in Shields
 18185 | Slime:1  | Reached XP level 15. HP: 93/114 MP: 0/0
 18185 | Slime:1  | Learned a level 6 spell: Death Channel
 18277 | Slime:2  | Noticed an acid blob
 18309 | Slime:2  | Noticed an acid blob
 18319 | Slime:2  | Noticed an azure jelly
 18368 | Slime:2  | Noticed an acid blob
 18427 | Slime:2  | Noticed an azure jelly
 18634 | Slime:1  | Noticed an acid blob
 18636 | Slime:1  | Noticed a rockslime
 18637 | Slime:1  | Noticed an acid blob
 18639 | Slime:1  | Noticed a quicksilver ooze
 18660 | Slime:1  | Noticed a quicksilver ooze
 18746 | Slime:3  | Noticed an acid blob
 18761 | Slime:3  | Noticed an acid blob
 18766 | Slime:3  | Noticed an azure jelly
 18775 | Slime:3  | Noticed an acid blob
 18778 | Slime:3  | Noticed an acid blob
 18788 | Slime:3  | Noticed an acid blob
 18796 | Slime:3  | Noticed an azure jelly
 18799 | Slime:3  | Noticed a quicksilver ooze
 18843 | Slime:3  | Noticed a quicksilver ooze
 18915 | Slime:3  | Noticed a quicksilver ooze
 18936 | Slime:3  | Noticed an acid blob
 18956 | Slime:3  | Noticed a quicksilver ooze
 19038 | Slime:4  | Noticed an azure jelly
 19070 | Slime:4  | Noticed a rockslime
 19071 | Slime:4  | Noticed an acid blob
 19072 | Slime:4  | Noticed an azure jelly
 19115 | Slime:4  | Noticed an acid blob
 19135 | Slime:4  | Noticed an azure jelly
 19136 | Slime:4  | Noticed a rockslime
 19194 | Slime:4  | Noticed an azure jelly
 19364 | Slime:5  | Entered Level 5 of the Pits of Slime
 19369 | Slime:5  | Noticed an azure jelly
 19399 | Slime:5  | Noticed a quicksilver ooze
 19426 | Slime:5  | Noticed a rockslime
 19468 | Slime:5  | Noticed the Royal Jelly
 19469 | Slime:5  | Noticed an acid blob
 19474 | Slime:5  | Noticed an acid blob
 19490 | Slime:5  | Noticed a quicksilver ooze
 19493 | Slime:5  | Noticed a rockslime
 19503 | Slime:5  | Noticed a quicksilver ooze
 19515 | Slime:5  | Noticed an acid blob
 19515 | Slime:5  | Noticed a quicksilver ooze
 19562 | Slime:5  | Found a viscous altar of Jiyva.
 19564 | Slime:5  | Noticed an acid blob
 19566 | Slime:5  | Identified the +1 plate armour of the Beginning {Regen+}
 19569 | Slime:5  | Identified the +3 longbow "Anuumet" {venom, Will+ Dex+3}
 19572 | Slime:5  | Got a slimy rune of Zot
 19602 | Slime:5  | Noticed an acid blob
 19777 | Lair:6   | Found a runed translucent door.
 20386 | Lair:6   | Upgraded the game from 0.29-a0-271-gd4eb659eea to
                  | 0.29-a0-275-g389c0b56f3
 20503 | Snake:1  | Entered Level 1 of the Snake Pit
 20921 | Snake:1  | Reached skill level 13 in Shields
 21038 | Snake:1  | Noticed Aizul
 21068 | Snake:1  | Slimified Aizul
 21068 | Snake:1  | Noticed Aizul
 21068 | Snake:1  | Aizul changed into Aizul the azure jelly
 21693 | Snake:1  | Lost mutation: You have supernaturally acute eyesight.
                  | (SInv) [Jiyva's grace]
 21693 | Snake:1  | Lost mutation: Your spells are much harder to cast, but
                  | much more powerful. [Jiyva's grace]
 21693 | Snake:1  | Gained mutation: Your flesh is almost immune to the effects
                  | of heat. (rF+++) [Jiyva's grace]
 21693 | Snake:1  | Gained mutation: You have a small jelly attached to you
                  | that may absorb projectiles. [Jiyva's grace]
 21693 | Snake:1  | Gained mutation: You are very robust. (+20% HP) [Jiyva's
                  | grace]
 21693 | Snake:1  | Gained mutation: You are extremely robust. (+30% HP)
                  | [Jiyva's grace]
 21702 | Snake:1  | Found Ynycep's Weapon Boutique.
 22043 | Snake:2  | Reached XP level 16. HP: 125/145 MP: 0/0
 22112 | Snake:2  | Noticed Nikola
 22118 | Snake:2  | Slimified Nikola
 22118 | Snake:2  | Noticed Nikola
 22118 | Snake:2  | Nikola changed into Nikola the azure jelly
 22464 | Snake:2  | Killed Nikola the azure jelly
 22521 | Snake:2  | Reached skill level 14 in Shields
 22569 | Snake:2  | Found a transporter.
 22574 | Snake:2  | Noticed Ysuobe's ghost (journeyman DDFi)
 22664 | Snake:2  | Noticed Agnes
 22681 | Snake:2  | Slimified Agnes
 22681 | Snake:2  | Noticed Agnes
 22681 | Snake:2  | Agnes changed into Agnes the slime creature
 22744 | Snake:2  | Noticed a nagaraja
 22763 | Snake:2  | Killed Agnes the slime creature
 22811 | Snake:2  | Found a transporter.
 22816 | Snake:2  | Noticed a tentacled monstrosity
 22837 | Snake:2  | Found a one-way gate to the infinite horrors of the Abyss.
 22999 | Snake:2  | Reached skill level 10 in Fighting
 23174 | Snake:2  | Noticed Vashnia
 23224 | Snake:2  | Killed Vashnia
 23349 | Snake:2  | Killed a nagaraja
 23565 | Snake:3  | Reached skill level 15 in Long Blades
 23649 | Snake:3  | Reached skill level 10 in Dodging
 23778 | Snake:3  | Reached skill level 15 in Shields
 23864 | Snake:3  | Found Gobarch's Jewellery Shop.
 23884 | Snake:3  | Found Duwk's Book Shoppe.
 23887 | Snake:3  | Found Plog's Jewellery Shop.
 23898 | Snake:3  | Bought the ring "Xuran" {+Blink Will+ rCorr Stlth+} for 758
                  | gold pieces
 24080 | Snake:3  | Identified the +1 plate armour "Ygicotsi" {rElec rN++
                  | Str-2}
 24316 | Snake:4  | Entered Level 4 of the Snake Pit
 24318 | Snake:4  | Lost mutation: You possess an exceptional clarity of mind.
                  | [Jiyva's grace]
 24318 | Snake:4  | Lost mutation: You are extremely robust. (+30% HP) [Jiyva's
                  | grace]
 24318 | Snake:4  | Lost mutation: Your spells are harder to cast, but more
                  | powerful. [Jiyva's grace]
 24318 | Snake:4  | Lost mutation: Your body is covered in eyes which may
                  | confuse attackers. (Acc +7, SInv) [Jiyva's grace]
 24318 | Snake:4  | Lost mutation: Your body has grown many eyes which may
                  | confuse attackers. (Acc +5) [Jiyva's grace]
 24318 | Snake:4  | Lost mutation: Your body has grown eyes which may confuse
                  | attackers. (Acc +3) [Jiyva's grace]
 24318 | Snake:4  | Gained mutation: You passively map a small area around you.
                  | [Jiyva's grace]
 24318 | Snake:4  | Gained mutation: You passively map the area around you.
                  | [Jiyva's grace]
 24318 | Snake:4  | Gained mutation: You passively map a large area around you.
                  | [Jiyva's grace]
 24318 | Snake:4  | Gained mutation: You have hidden genetic potential.
                  | [Jiyva's grace]
 24392 | Snake:4  | Reached XP level 17. HP: 91/144 MP: 0/0
 24392 | Snake:4  | Learned a level 6 spell: Statue Form
 24731 | Snake:4  | Noticed Asterion
 24751 | Snake:4  | Slimified Asterion
 24751 | Snake:4  | Noticed Asterion
 24751 | Snake:4  | Asterion changed into Asterion the azure jelly
 24938 | Snake:4  | Found a basalt altar of Yredelemnul.
 25213 | Snake:3  | Reached skill level 10 in Armour
 26402 | Snake:4  | Gained mutation: You expend health (3 HP) to strengthen
                  | your wands. [hidden potential]
 26656 | Snake:4  | Got a serpentine rune of Zot
 26953 | Swamp:1  | Entered Level 1 of the Swamp
 27087 | Swamp:1  | Reached XP level 18. HP: 156/156 MP: 0/0
 27289 | Swamp:1  | Lost mutation: You are mostly covered in iridescent scales.
                  | (AC +4) [Jiyva's grace]
 27289 | Swamp:1  | Lost mutation: You passively map a large area around you.
                  | [Jiyva's grace]
 27289 | Swamp:1  | Lost mutation: You are very robust. (+20% HP) [Jiyva's
                  | grace]
 27289 | Swamp:1  | Lost mutation: You have hidden genetic potential. [Jiyva's
                  | grace]
 27289 | Swamp:1  | Lost mutation: Your translucent skin slightly reduces your
                  | foes' accuracy. (Stealth+) [Jiyva's grace]
 27289 | Swamp:1  | Gained mutation: Your skin changes colour to match your
                  | surroundings (Stealth+). [Jiyva's grace]
 27289 | Swamp:1  | Gained mutation: Your skin blends seamlessly with your
                  | surroundings (Stealth++). [Jiyva's grace]
 27289 | Swamp:1  | Gained mutation: Your skin perfectly mimics your
                  | surroundings (Stealth+++). [Jiyva's grace]
 27289 | Swamp:1  | Gained mutation: You have acidic saliva. [Jiyva's grace]
 27568 | Swamp:1  | Upgraded the game from 0.29-a0-275-g389c0b56f3 to
                  | 0.29-a0-283-ga02f740833
 28125 | Swamp:2  | Reached skill level 16 in Shields
 28487 | Swamp:3  | Reached skill level 10 in Stealth
 28493 | Swamp:3  | HP: 4/143 [constriction (6)]
 28498 | Swamp:3  | Slain by a shambling mangrove

Illustrated notes

Levels and vault maps discovered:
D:1:      sevenhm_arrival_forest_fort_small_4, layout_loops_ring,
          serial_park_tiny_1
D:2:      layout_loops_ring, basic_ecumenical_altar
D:3:      layout_loops_corners, cheibrodos_sewer_entry_drain, serial_shops,
          nicolae_lakefront_shop, minmay_stone_trees_medium,
          lemuel_flame_loot_1, uniq_terence, uniq_jessica,
          uniq_crazy_yiuf_cottage
D:4:      layout_loops_corners, grunt_gozag_statues,
          mainiacjoe_overflow_alcove_1
D:5:      layout_basic, nicolae_hepliaklqana_ecumenical_no_more,
          amcnicky_altar_gilded
D:6:      layout_basic, uniq_maggie, uniq_duvessa
D:7:      minmay_the_grid_triangle_9x9_rhombus_full
          [minmay_the_grid_triangle_9x9_alien,
          minmay_the_grid_triangle_9x9_negative_grid,
          minmay_the_grid_triangle_9x9_checkered,
          minmay_the_grid_triangle_9x9_corruption,
          minmay_the_grid_triangle_9x9_skeleton,
          minmay_the_grid_triangle_9x9_fully_insulated_deathbox,
          minmay_the_grid_triangle_9x9_corrupted_corridor,
          minmay_the_grid_triangle_9x9_prize_top_heavy], layout_loops_ring,
          gammafunk_temple_overflow_wave, minmay_temple_entry_glassed_door,
          nicolae_elemental_shop, uniq_joseph
D:8:      layout_basic, kennysheep_generic_room_9, uniq_pikel, uniq_grum
D:9:      layout_roguey, zin_statuary, kennysheep_generic_room_6
D:10:     layout_loops_cross, vehumet_crystals, elyvilon_altar_4,
          due_lair_maze_entry_diamond, ebering_ghost_rock_garden
D:11:     layout_basic, david_orc_3, serial_bayou_pond_b, minmay_bent
Temple:   nicolae_temple_figure_eight
Lair:1:   layout_regular_city, serial_bayou_crossing, serial_bayou_shore_b
Lair:2:   layout_regular_city, minmay_snake_entry_six_corridors,
          ebering_ghost_rock_garden
Lair:3:   layout_cave_pods, skrybe_swamp_entry_bodies, st_stairs_6
Lair:4:   layout_layer_cave, special_room [special_room_mythical_zoo],
          hellmonk_ghost_happy_afterlife, grunt_megastairs_2
Lair:5:   layout_loops_ring, serial_bayou_shore_a, uniq_sonja
Lair:6:   wormcave, layout_cave_shapes, guppyfry_lair_end_dragon,
          dpeg_slime_entry_enclosed_altar, enter_volcano_4, st_stairs_12
Swamp:1:  layout_basic_swamp, serial_swamp_ruin, evilmike_swamp_ruin_wall,
          evilmike_swamp_ruin_rubble_2, evilmike_swamp_ruin_house_1
Swamp:2:  layout_basic_swamp, nicolae_swamp_tree_isthmus,
          infiniplex_staircase_pool_2
Swamp:3:  nzn_winding_woodlands_three_and_one
          [nzn_winding_woodlands_5x15_pockets,
          nzn_winding_woodlands_5x15_parted,
          nzn_winding_woodlands_5x15_lazy_stream,
          nzn_winding_woodlands_center_triple_pond], layout_basic_swamp,
          evilmike_swamp_ruin_house_3, swamp_pool5
Snake:1:  layout_basic, serial_shops, nicolae_shop_bloodbath_and_beyond,
          abandoned_shop, nicolae_snake_gridmaze_zigzag,
          nicolae_snake_yet_another_twisty_hallway, minmay_snake_pond,
          uniq_aizul
Snake:2:  layout_chambers, gammafunk_ghost_abyssal_escape, uniq_vashnia,
          uniq_agnes, uniq_nikola
Snake:3:  layout_misc_corridors, minmay_shop_grove
Snake:4:  grunt_snake_rune_pools, layout_grid_maze, basic_altar,
          guppyfry_snake_island, uniq_asterion
Slime:1:  layout_caves, uniq_donald
Slime:2:  nicolae_slime_jelly_donut, layout_caves,
          nicolae_slime_welcoming_committee
Slime:3:  layout_caves, nicolae_slime_round_cave
Slime:4:  layout_caves
Slime:5

Skill      XL: |  1  2  3  4  5  6  7  8  9 10 11 12 13 14 15 16 17 18 |
---------------+-------------------------------------------------------+-----
Long Blades    | 3 4 5 6 7 8 10 12 13 14 15 | 15.5
Throwing       | 2 3 |  3.3
Armour         | 1 2 4 5 6 8 9 11 | 11.9
Stealth        | 1 2 3 5 6 7 8 9 10 | 10.0
Shields        | 1 3 4 5 6 7 10 12 13 15 16 | 16.1
Fighting       | 3 4 5 6 7 8 9 10 11 12 | 12.4
Dodging        | 4 6 7 8 9 10 11 12 | 12.4
Evocations     | 1 2 |  2.5

Action                   |  1- 3 |  4- 6 |  7- 9 | 10-12 | 13-15 | 16-18 || total
-------------------------+-------+-------+-------+-------+-------+-------++-------
Melee: Long sword        |    62 |   150 |   212 |   714 |  1033 |       ||  2171
       Peck              |       |       |    40 |   217 |   532 |   479 ||  1268
       Bite              |       |       |    32 |   110 |       |    56 ||   198
       Short sword       |       |       |       |       |    23 |       ||    23
       Scimitar          |       |       |       |       |   535 |  1536 ||  2071
       War axe           |       |       |       |       |    15 |     1 ||    16
Throw: Stone             |    22 |    36 |     4 |       |       |       ||    62
       Boomerang         |       |       |     5 |    19 |     2 |    32 ||    58
       Javelin           |       |       |     2 |     1 |     1 |       ||     4
       Dart              |       |       |       |     2 |       |       ||     2
Invok: Oozemancy         |       |       |     1 |       |     3 |     1 ||     5
       Slimify           |       |       |       |       |     2 |     3 ||     5
 Abil: Evoke Blink       |       |       |       |       |       |     1 ||     1
Evoke: Wand              |       |     3 |       |    10 |     4 |    19 ||    36
       Box of beasts     |       |       |       |       |       |     2 ||     2
  Use: Scroll            |       |     5 |     3 |       |    12 |     6 ||    26
       Potion            |       |       |       |       |     7 |    14 ||    21
 Stab: Paralysed         |       |    10 |       |       |       |       ||    10
       Sleeping          |       |       |     3 |     8 |    12 |    19 ||    42
       Distracted        |       |       |     1 |     3 |    11 |     4 ||    19
       Confused          |       |       |       |    26 |    91 |    29 ||   146
       Invisible         |       |       |       |       |     3 |       ||     3
Armor: Leather armour    |    14 |       |       |       |       |       ||    14
       Ring mail         |     4 |    41 |    86 |   138 |   314 |   239 ||   822
       Skin              |       |       |       |       |       |    16 ||    16
Dodge: Dodged            |    17 |    72 |   114 |   337 |   752 |   668 ||  1960
Block: Buckler           |     6 |    20 |    58 |    77 |       |       ||   161
       Kite shield       |       |       |       |   178 |   846 |   966 ||  1990
       Reflection        |       |       |       |       |    16 |    93 ||   109

Table legend: (Time is in decaauts)
 A = Elapsed time spent in this place.
 B = Non-inter-level travel time spent in this place.
 C = Inter-level travel time spent in this place.
 D = Time resting spent in this place.
 E = Time spent auto-exploring this place.
 F = Levels seen in this place.
 G = Mean time per level.
                   A        B        C        D        E       F      G
               +--------+--------+--------+--------+--------+-----+--------+
         Total |  28017 |  25853 |   2164 |   1760 |  16041 |  32 |  875.5 |
       Dungeon |  10947 |   9802 |   1145 |    707 |   6812 |  11 |  995.2 |
        Temple |    204 |    186 |     18 |      0 |    183 |   1 |  204.0 |
          Lair |   6822 |   6373 |    449 |    142 |   4002 |   6 | 1137.0 |
         Swamp |   1471 |   1450 |     21 |    101 |    739 |   3 |  490.3 |
     Snake Pit |   6048 |   5709 |    339 |    551 |   2701 |   4 | 1512.0 |
    Slime Pits |   1547 |   1357 |    190 |      0 |   1292 |   5 |  309.4 |
         Sewer |    762 |    762 |      0 |    258 |    252 |   1 |  762.0 |
       Volcano |    213 |    213 |      0 |      0 |     60 |   1 |  213.0 |
               +--------+--------+--------+--------+--------+-----+--------+

Top non-repeatable levels by time:
 Snake:4: 2117 daAuts
  Lair:4: 1642 daAuts
 Snake:2: 1506 daAuts
 Snake:1: 1447 daAuts
     D:3: 1287 daAuts
  Lair:6: 1220 daAuts
     D:7: 1172 daAuts
  Lair:3: 1171 daAuts
     D:5: 1114 daAuts
     D:2: 1077 daAuts
    D:11: 1066 daAuts
  Lair:2: 1064 daAuts
     D:1: 1017 daAuts
 Snake:3: 977 daAuts
     D:8: 944 daAuts
